 Dungeon Crawl Stone Soup version 0.24.0-123-gd5b16e6ec5 (webtiles) character file.

Game seed: 5288072986753238930, levelgen mode: deterministic

22960 Emblim88 the Corrupter of Planes (level 12, -1/94 HPs)
             Began as a Demonspawn Abyssal Knight on Jan 11, 2020.
             Was the Champion of Lugonu.
             Slain by a skeletal warrior
             ... wielding a +0 glaive
              (25 damage)
             ... on level 14 of the Dungeon.
             The game lasted 00:35:31 (14357 turns).

Emblim88 the Corrupter of Planes (DsAK)            Turns: 14357, Time: 00:35:31

Health: -1/94      AC: 22    Str: 31    XL:     12   Next: 67%
Magic:  20/20      EV: 14    Int: 15    God:    Lugonu [******]
Gold:   256        SH: 17    Dex: 20    Spells: 6/11 levels left

rFire    + + .     SeeInvis .   h - +6 war axe (distort)
rCold    + . .     Gourm    .   d - +0 large shield of Syndicalism {*Contam rElec Regen+ Str+9}
rNeg     + . .     Faith    .   i - +0 plate armour
rPois    +         Spirit   .   G - +0 helmet "Kexzus" {rPois rC- Dex+8 Slay+4}
rElec    +         Reflect  .   D - scarf {rC+ rF+}
rCorr    .         Harm     .   (no gloves)
MR       .....                  r - +0 pair of boots
Stlth    ..........             (no amulet)
HPRegen  0.65/turn              t - ring "Urumutz" {rF+ rN+ Str+5 Dex-5}
MPRegen  0.17/turn              a - +3 ring of protection

@: agile
A: claws 2, icy blue scales 2, cold resistance 1, spiny 1, augmentation 1
a: Depart the Abyss, Bend Space, Banish, Corrupt, Enter the Abyss, Renounce
Religion


You were on level 14 of the Dungeon.
You worshipped Lugonu.
Lugonu was exalted by your worship.
You were full.

You visited 1 branch of the dungeon, and saw 15 of its levels.
You visited the Abyss 1 time.

You collected 731 gold pieces.
You spent 475 gold pieces at shops.

Inventory:

Hand Weapons
 h - a +6 war axe of distortion (weapon)
Armour
 d - the +0 large shield of Syndicalism (worn) {*Contam rElec Regen+ Str+9}
   (You bought it in a shop on level 11 of the Dungeon)

   It affects your strength (+9).
   It insulates you from electricity.
   It causes magical contamination when unequipped.
   It increases your rate of regeneration.
 i - a +0 plate armour (worn)
 r - a +0 pair of boots (worn)
 D - a scarf of resistance (worn)
 G - the +0 helmet "Kexzus" (worn) {rPois rC- Dex+8 Slay+4}
   (You bought it in a shop on level 11 of the Dungeon)

   It affects your dexterity (+8).
   It affects your accuracy and damage with ranged weapons and melee attacks
   (+4).
   It makes you vulnerable to cold.
   It protects you from poison.
Jewellery
 a - a +3 ring of protection (right claw)
 e - an uncursed ring of poison resistance
 t - the ring "Urumutz" (left claw) {rF+ rN+ Str+5 Dex-5}
   (You found it on level 11 of the Dungeon)

   [ring of protection from fire]

   It affects your strength (+5).
   It affects your dexterity (-5).
   It protects you from fire.
   It protects you from negative energy.
 x - an uncursed ring of wizardry
 C - an uncursed ring of wizardry
Wands
 b - a wand of acid (7)
 g - a wand of digging (15)
 u - a wand of random effects (30)
 w - a wand of enslavement (6)
 y - a wand of disintegration (18)
 z - a wand of flame (35)
 A - a wand of polymorph (8)
 F - a wand of paralysis (4)
 K - a wand of clouds (3)
Scrolls
 f - 6 scrolls of remove curse
 k - 4 scrolls of amnesia
 l - 3 scrolls of magic mapping
 m - 5 scrolls of teleportation
 p - a scroll of enchant armour
 v - 2 scrolls of fog
 B - a scroll of blinking
 J - 3 scrolls of identify
Potions
 j - 2 potions of mutation
 n - 3 potions of lignification
 s - 2 potions of curing
Comestibles
 c - 26 rations


   Skills:
 + Level 8.7 Fighting
 + Level 7.7 Axes
 + Level 7.8 Armour
 + Level 7.7 Dodging
 + Level 4.2 Shields
 - Level 2.3 Conjurations
 + Level 6.4 Earth Magic
 + Level 10.8 Invocations
 + Level 7.0 Evocations


You had 6 spell levels left.
You knew the following spells:

 Your Spells              Type           Power        Failure   Level  Hunger
a - Passwall              Tmut/Erth      #.......     100%        2    ###....
b - Mephitic Cloud        Conj/Pois/Air  #.......     100%        3    ####...

Your spell library contained the following spells:

 Spells                   Type           Power        Failure   Level  Hunger
 Sandblast                Erth           ###...       91%         1    ##.....
 Confusing Touch          Hex            #.....       100%        1    ##.....
 Corona                   Hex            #......      100%        1    ##.....
 Flame Tongue             Conj/Fire      #....        100%        1    ##.....
 Magic Dart               Conj           #...         100%        1    ##.....
 Sting                    Conj/Pois      #...         100%        1    ##.....
 Blink                    Tloc           N/A          100%        2    ###....
 Call Imp                 Summ           #.......     100%        2    ###....
 Ensorcelled Hibernation  Hex/Ice        #.....       100%        2    ###....
 Poisonous Vapours        Pois/Air       #.....       100%        2    ###....
 Slow                     Hex            #.......     100%        2    ###....
 Sublimation of Blood     Necr           #.........   100%        2    ###....
 Throw Flame              Conj/Fire      #.....       100%        2    ###....
 Confuse                  Hex            #.......     100%        3    ####...
 Conjure Flame            Conj/Fire      #.......     100%        3    ####...
 Dazzling Spray           Conj/Hex       #.....       100%        3    ####...
 Gell's Gravitas          Tloc           #.........   100%        3    ####...
 Inner Flame              Hex/Fire       #.......     100%        3    ####...
 Stone Arrow              Conj/Erth      ##....       100%        3    ####...
 Tukima's Dance           Hex            #.......     100%        3    ####...
 Vampiric Draining        Necr           #.........   100%        3    ####...
 Animate Dead             Necr           N/A          100%        4    #####..
 Iskenderun's Mystic Bla  Conj           #.......     100%        4    #####..
 Olgreb's Toxic Radiance  Pois           #.......     100%        4    #####..
 Petrify                  Tmut/Erth      #.......     100%        4    #####..
 Sticky Flame             Conj/Fire      #.......     100%        4    #####..
 Dispel Undead            Necr           #.......     100%        5    ######.
 Excruciating Wounds      Chrm/Necr      #.........   100%        5    ######.
 Fireball                 Conj/Fire      #.........   100%        5    ######.
 Lee's Rapid Deconstruct  Erth           ###.......   100%        5    ######.
 Metabolic Englaciation   Hex/Ice        #.........   100%        5    ######.
 Venom Bolt               Conj/Pois      #.........   100%        5    ######.
 Yara's Violent Unravell  Hex/Tmut       #.........   100%        5    ######.
 Ring of Flames           Chrm/Fire      #.........   100%        7    #######


Dungeon Overview and Level Annotations

Branches:
Dungeon (15/15)            Temple (0/1) D:4            Lair (0/6) D:9
    Orc (0/2) D:10
 Vaults: D:13-14     Depths: D:15

Altars:
Elyvilon
Gozag
Hepliaklqana
Okawaru
Ru
Uskayaw
Vehumet

Shops:
D:4 *   D:11 %[[[


Innate Abilities, Weirdness & Mutations

You have very sharp fingernails.
You are mostly covered in icy blue scales. (AC +3)
Your flesh is cold resistant. (rC+)
You are partially covered in sharp spines.
Your magical and physical power is slightly enhanced at high health.


Message History

The skeletal warrior is almost destroyed.
You block the skeletal warrior's attack. x2
You hit the skeletal warrior.
The skeletal warrior is almost destroyed.
The skeletal warrior blinks!
You block the skeletal warrior's attack.
You slash the skeletal warrior!
Space warps horribly around the skeletal warrior!
You destroy the skeletal warrior!
Lugonu accepts your kill.
Your Evocations skill increases to level 7!
The skeletal warrior hits you from afar with a +0 glaive.
* * * LOW HITPOINT WARNING * * *
You block the skeletal warrior's attack.
Things that are here:
a +0 hand axe; a +0 leather armour You closely miss the skeletal warrior.
The skeletal warrior is heavily damaged.
The skeletal warrior hits you with a +0 glaive!!
You die...

#)### ........ #.))#
..........##
#.()###..........#
#..(.#...........#
###..(.#(..........##.
.........>...##.........
......#.(....#.##.......
......#.........z......#
...#...........)@.....#
...##........#..†##....#
#. #.##...$.###).......
. ... #...... ......###
.. #....##........#
#.##............. ...
#............. #.##
###......##... ..
#....... #..


You could see a skeletal warrior.

Vanquished Creatures
  4 two-headed ogres
  3 skeletal warriors (D:14)
  2 unseen horrors (D:10)
  Pikel (D:7)
  3 ugly things
  Joseph (D:7)
  2 centaur zombies
  A gargoyle (D:11)
  4 kobold demonologists
  2 yaktaurs (D:15)
  A freezing wraith (D:15)
  A komodo dragon (D:12)
  2 trolls
  2 hornets
  A blink frog (shapeshifter) (D:14)
  2 hippogriffs
  2 wraiths
  A centaur simulacrum (D:15)
  A vampire (D:15)
  A wyvern (D:8)
  A human (D:7)
  12 yaks
  2 hungry ghosts
  3 hogs (D:7)
  2 vampire mosquitoes (D:15)
  Menkaure (D:7)
  An acid dragon (D:9)
  Duvessa (D:7)
  4 water moccasins
  6 orc warriors
  A black bear (D:8)
  2 porcupines (D:9)
  An ice beast (D:6)
  5 sky beasts
  5 ogres
  A necrophage (D:6)
  3 phantoms
  7 centaurs
  6 big kobolds
  7 bullfrogs
  A gnoll sergeant (D:10)
  Dowan (D:7)
  9 scorpions
  4 killer bees (D:11)
  3 howler monkeys
  6 crimson imps
  A gnoll shaman (D:7)
  5 jellies
  6 hounds
  11 orc wizards
  A bullfrog zombie (D:6)
  4 centaur skeletons
  4 orc priests (D:7)
  3 bullfrog skeletons
  Jessica (D:2)
  2 iguanas
  Ijyb (D:3)
  9 worker ants
  A killer bee zombie (D:9)
  2 hound skeletons
  14 adders
  13 gnolls
  A shadow imp (D:11)
  An ooze (D:4)
  3 adder zombies
  2 dart slugs
  5 leopard geckos
  46 orcs
  4 ball pythons
  17 giant cockroaches
  11 goblins
  10 hobgoblins
  6 jackals (D:1)
  7 quokkas
  7 bats
  4 frilled lizards
  22 kobolds
  A leopard gecko skeleton (D:4)
  A quokka skeleton (D:7)
  5 rats
363 creatures vanquished.

Vanquished Creatures (others)
  A yaktaur (D:15)
  A shadow (D:15)
  A slave (D:7)
  A bullfrog (D:7)
  An orc wizard (D:8)
  A gnoll (D:7)
  A leopard gecko (D:7)
  2 orcs (D:7)
  A quokka (D:7)
10 creatures vanquished.

Grand Total: 373 creatures vanquished

Notes
Turn   | Place    | Note
-------+----------+-------------------------------------------
     0 | Abyss:1  | Emblim88 the Demonspawn Abyssal Knight began the quest for
                  | the Orb.
     0 | Abyss:1  | Reached XP level 1. HP: 18/18 MP: 2/2
    53 | Abyss:1  | Noticed a small abomination
    54 | D:1      | Escaped the Abyss
   184 | D:1      | Reached skill level 1 in Dodging
   360 | D:1      | Gained mutation: You are partially covered in icy blue
                  | scales. (AC +2) [demonic ancestry]
   360 | D:1      | Reached XP level 2. HP: 18/24 MP: 4/4
   465 | D:1      | Reached * piety under Lugonu
  1232 | D:1      | Reached skill level 3 in Invocations
  1232 | D:1      | Gained mutation: You have sharp fingernails. [demonic
                  | ancestry]
  1232 | D:1      | Reached XP level 3. HP: 29/29 MP: 5/5
  1449 | D:2      | Reached ** piety under Lugonu
  1520 | D:2      | Noticed Jessica
  1525 | D:2      | Killed Jessica
  1525 | D:2      | Gained mutation: You have very sharp fingernails. [demonic
                  | ancestry]
  1525 | D:2      | Reached XP level 4. HP: 35/35 MP: 6/6
  2039 | D:2      | Reached XP level 5. HP: 42/42 MP: 7/7
  2363 | D:3      | Reached *** piety under Lugonu
  2845 | D:3      | Noticed Ijyb
  2899 | D:3      | Killed Ijyb
  2899 | D:3      | Reached skill level 4 in Invocations
  3253 | D:4      | Found Zannum's Serpentskin Sales.
  3253 | D:4      | Noticed a water moccasin
  3253 | D:4      | Noticed a water moccasin
  3266 | D:4      | Killed a water moccasin
  3266 | D:4      | Reached XP level 6. HP: 33/48 MP: 9/9
  3269 | D:4      | Killed a water moccasin
  3555 | D:4      | Reached XP level 7. HP: 48/55 MP: 10/10
  3575 | D:4      | Found a staircase to the Ecumenical Temple.
  3592 | D:4      | Reached skill level 5 in Invocations
  4122 | D:5      | Entered Level 5 of the Dungeon
  5518 | D:6      | Reached skill level 5 in Fighting
  5518 | D:6      | Gained mutation: You are mostly covered in icy blue scales.
                  | (AC +3) [demonic ancestry]
  5518 | D:6      | Reached XP level 8. HP: 62/62 MP: 12/12
  5603 | D:6      | Found a radiant altar of Vehumet.
  5614 | D:6      | Learned a level 2 spell: Passwall
  5667 | D:6      | Reached **** piety under Lugonu
  5769 | D:6      | Reached skill level 6 in Invocations
  5769 | D:6      | Reached skill level 1 in Evocations
  5819 | D:6      | Reached skill level 1 in Earth Magic
  5982 | D:6      | Found an iron altar of Okawaru.
  6485 | D:7      | Noticed Pikel
  6522 | D:7      | Killed Pikel
  6522 | D:7      | Reached skill level 5 in Armour
  6522 | D:7      | Reached skill level 7 in Invocations
  6522 | D:7      | Gained mutation: You are partially covered in sharp spines.
                  | [demonic ancestry]
  6522 | D:7      | Reached XP level 9. HP: 53/69 MP: 14/14
  6603 | D:7      | Noticed Dowan
  6604 | D:7      | Noticed Duvessa
  6611 | D:7      | Killed Duvessa
  6611 | D:7      | Reached skill level 5 in Axes
  6612 | D:7      | Killed Dowan
  6748 | D:7      | Noticed Menkaure
  6754 | D:7      | Killed Menkaure
  7013 | D:7      | Reached ***** piety under Lugonu
  7014 | D:7      | Found a white marble altar of Elyvilon.
  7197 | D:7      | Reached skill level 5 in Dodging
  7369 | D:7      | Reached skill level 8 in Invocations
  7376 | D:7      | Gained mutation: Your magical and physical power is
                  | slightly enhanced at high health. [demonic ancestry]
  7376 | D:7      | Reached XP level 10. HP: 34/77 MP: 16/16
  7629 | D:7      | Noticed Joseph
  7640 | D:7      | Killed Joseph
  7868 | D:8      | Noticed a two-headed ogre
  7877 | D:8      | Killed a two-headed ogre
  8003 | D:8      | Learned a level 3 spell: Mephitic Cloud
  8370 | D:8      | Reached skill level 1 in Conjurations
  8482 | D:8      | Noticed a two-headed ogre
  8489 | D:8      | Killed a two-headed ogre
  8870 | D:9      | Noticed Erolcha
  8876 | D:9      | HP: 3/79 [Erolcha/bolt of lightning (27)]
  9916 | D:9      | Noticed Erolcha
  9916 | D:9      | Erolcha changed into Erolcha the acid dragon
  9921 | D:9      | Killed Erolcha the acid dragon
  9928 | D:9      | Noticed a two-headed ogre
 10073 | D:9      | Killed a two-headed ogre
 10073 | D:9      | Reached skill level 9 in Invocations
 10073 | D:9      | Reached skill level 5 in Evocations
 10166 | D:9      | Found a staircase to the Lair.
 10199 | D:9      | Found a sacrificial altar of Ru.
 10201 | D:9      | Found an opulent altar of Gozag.
 10201 | D:9      | Found a hazy altar of Hepliaklqana.
 10204 | D:9      | Found a hide-covered altar of Uskayaw.
 10341 | D:9      | Reached XP level 11. HP: 61/84 MP: 17/17
 10448 | D:9      | Identified Sif Muna's Guide on Conjuration and Evil Magic
 10488 | D:9      | Identified the Reference Book on Ignition and Necromancy
 10799 | D:10     | Entered Level 10 of the Dungeon
 10870 | D:10     | Noticed a two-headed ogre
 10885 | D:10     | Killed a two-headed ogre
 10885 | D:10     | Reached skill level 1 in Shields
 11175 | D:10     | Killed an unseen horror
 11212 | D:10     | Reached skill level 5 in Earth Magic
 11425 | D:10     | Killed an unseen horror
 11714 | D:10     | Found a staircase to the Orcish Mines.
 11764 | D:10     | Reached ****** piety under Lugonu
 12326 | D:11     | Found Dataud's Antique Armour Shop.
 12329 | D:11     | Bought a fine helmet for 266 gold pieces
 12334 | D:11     | Identified the cursed +0 helmet "Kexzus" {rPois rC- Dex+8
                  | Slay+4} (You bought it in a shop on level 11 of the
                  | Dungeon)
 12343 | D:11     | Noticed a cyan ugly thing
 12355 | D:11     | HP: 3/86 [cyan ugly thing (13)]
 12356 | D:11     | Killed a cyan ugly thing
 12407 | D:11     | Found Hoivaje's Antique Armour Shop.
 12674 | D:11     | Bought a polished large shield for 209 gold pieces
 12684 | D:11     | Identified the cursed +0 large shield of Syndicalism
                  | {*Contam rElec Regen+ Str+9} (You bought it in a shop on
                  | level 11 of the Dungeon)
 12943 | D:11     | Got a transparent steel ring
 12993 | D:11     | Found Ruycakhy's Food Emporium.
 13172 | D:11     | Found Kuq Meice's Antique Armour Shoppe.
 13243 | D:11     | Identified the ring "Urumutz" {rF+ rN+ Str+5 Dex-5} (You
                  | found it on level 11 of the Dungeon)
 13354 | D:12     | Reached skill level 10 in Invocations
 13389 | D:12     | Noticed a green ugly thing
 13391 | D:12     | Noticed a cyan ugly thing
 13398 | D:12     | Killed a green ugly thing
 13398 | D:12     | Gained mutation: Your flesh is cold resistant. (rC+)
                  | [demonic ancestry]
 13398 | D:12     | Reached XP level 12. HP: 79/93 MP: 19/19
 13593 | D:10     | Identified a +6 war axe of distortion (a +4 war axe
                  | corrupted by Lugonu)
 13593 | D:10     | Received a gift from Lugonu
 14101 | D:13     | You fall into a shaft and drop 2 floors!
 14101 | D:15     | Entered Level 15 of the Dungeon
 14357 | D:14     | Slain by a skeletal warrior

Levels and vault maps discovered:
D:1:      minmay_arrival_stair_chambers, layout_basic, bh_walls_and_bars
D:2:      minmay_roachtagon, layout_basic, first_ration, minmay_misc_feat_rows,
          minmay_shallow_snake_nest, uniq_jessica
D:3:      kennysheep_the_goblin_king, layout_basic, uniq_ijyb
D:4:      layout_cave_pods, temple_doors_e, guppyfry_shop_venom
D:5:      layout_basic
D:6:      layout_gridville, vehumet_crystals, overflow_temple_1_default
D:7:      layout_loops_cross, grunt_livestock, elyvilon_altar_4, uniq_pikel,
          uniq_joseph, uniq_menkaure, uniq_duvessa
D:8:      layout_rooms
D:9:      layout_loops_ring, grunt_temple_overflow_open,
          grunt_lair_entry_orc_guard_hut, minmay_checkerbox, uniq_erolcha
D:10:     layout_big_octagon, kennysheep_orc_monster_closet_entryway
D:11:     layout_loops_corners, serial_shops, shop, nicolae_shop_behind_doors,
          kennysheep_mini_moat, nicolae_shop_trees
D:12:     layout_cave_pools
D:13:     cheibrodos_body_horror, layout_basic, special_room [special_room_bee]
D:14:     layout_cave_pools, david_vaults_4, hangedman_ru_absence, minmay_bent
D:15:     grunt_enter_depths_magical_seal, layout_basic, gauntlet_entry_generic,
          ebering_ghost_rock_garden

Skill      XL: |  1  2  3  4  5  6  7  8  9 10 11 12 |
---------------+-------------------------------------+-----
Dodging        | 1 2 3 4 5 6 7 |  7.7
Armour         | 2 3 4 5 6 7 |  7.8
Axes           | 2 3 4 5 6 7 |  7.7
Invocations    | 3 4 5 7 8 9 10 | 10.8
Fighting       | 4 5 6 7 8 |  8.7
Evocations     | 2 4 5 6 7 |  7.0
Earth Magic    | 2 3 4 5 6 |  6.4
Conjurations   | 2 |  2.3
Shields        | 2 4 |  4.2

Action                   |  1- 3 |  4- 6 |  7- 9 | 10-12 || total
-------------------------+-------+-------+-------+-------++-------
Melee: Hand axe          |    16 |   104 |    26 |       ||   146
       Short sword       |   108 |   152 |       |       ||   260
       War axe           |       |       |   297 |   500 ||   797
Invok: Depart the Abyss  |     1 |       |       |       ||     1
       Brand Weapon With |       |       |       |     1 ||     1
Evoke: Wand              |       |       |       |     4 ||     4
  Use: Scroll            |       |     9 |     3 |     7 ||    19
       Potion            |       |     1 |     1 |     7 ||     9
 Stab: Invisible         |       |       |     2 |       ||     2
  Eat: Chunk             |     2 |    17 |    13 |    27 ||    59
Armor: Leather armour    |    57 |       |       |       ||    57
       Scale mail        |       |   135 |   171 |   180 ||   486
       Plate armour      |       |       |       |    37 ||    37
Dodge: Dodged            |    91 |   131 |   125 |   152 ||   499
Block: Large shield      |       |       |   109 |   379 ||   488
